 Dungeon Crawl Stone Soup version 0.29.1-1-gd02db6906a (webtiles) character file.

Game seed: 1342139470819409046

912 RatsInWalls the Cudgeller (level 8, -2/87 HPs)
             Began as an Ogre Gladiator on Oct 22, 2022.
             Slain by an iguana (10 damage)
             ... on level 4 of the Dungeon.
             The game lasted 00:12:04 (6553 turns).

RatsInWalls the Cudgeller (Ogre Gladiator)          Turns: 6553, Time: 00:12:05

Health: -2/87      AC:  4    Str: 21    XL:     8   Next: 9%
Magic:  8/8        EV: 10    Int:  9    God:
Gold:   319        SH:  0    Dex: 10    Spells: 7/7 levels left

rFire   . . .      SeeInvis .   a - +0 flail
rCold   . . .      Faith    .   (no shield)
rNeg    + + .      Spirit   .   j - +1 robe "Poexe" {-Tele rN++}
rPois   .          Reflect  .   c - +0 hat
rElec   .          Harm     .   (no cloak)
rCorr   .          Rampage  .   (gloves unavailable)
Will    .....      NoTele   +   (boots unavailable)
Stlth   +.........              (no amulet)
HPRegen 0.24/turn               (no ring)
MPRegen 0.11/turn               (no ring)

@: confused, lethally poisoned (-2 -> -6), ambrosia-drunk
A: large, unfitting armour, tough skin 1
a: no special abilities


You were on level 4 of the Dungeon.
You visited 1 branch of the dungeon, and saw 5 of its levels.

You collected 319 gold pieces.

Inventory:

Hand Weapons
 a - a +0 flail (weapon)
 s - a +0 giant spiked club
 u - a +0 morningstar
Missiles
 d - 3 throwing nets
 e - a large rock (quivered)
Armour
 c - a +0 hat (worn)
 j - the +1 robe "Poexe" (worn) {-Tele rN++}
   (You found it on level 2 of the Dungeon)

   rN:        It greatly protects you from negative energy.
   -Tele:     It prevents most forms of teleportation.
 m - the +0 robe "Ifrou" {rPois Int+3}
   (You found it on level 2 of the Dungeon)

   Int:       It affects your intelligence (+3).
   rPois:     It protects you from poison.
Jewellery
 q - an amulet of reflection
 v - an amulet of the acrobat
 x - a ring of see invisible
Scrolls
 b - 3 scrolls of enchant armour {unknown}
 f - 2 scrolls of poison {unknown}
 g - 2 scrolls of amnesia {unknown}
 h - 4 scrolls of identify {unknown}
 i - a scroll of teleportation {unknown}
 k - 2 scrolls of butterflies {unknown}
 o - a scroll of immolation {unknown}
 p - 2 scrolls of enchant weapon {unknown}
 y - a scroll of fear {unknown}
Potions
 l - a potion of might {unknown}
 n - a potion of haste {unknown}
 r - a potion of flight {unknown}
 w - a potion of curing {unknown}


   Skills:
 + Level 7.1 Fighting
 * Level 7.3 Maces & Flails
 - Level 2.0 Throwing
 - Level 2.6 Dodging


You had 7 spell levels left.
You didn't know any spells.
Your spell library was empty.

Dungeon Overview and Level Annotations

Branches:
Dungeon (5/15)             Temple (0/1) D:4

Altars:
Kikubaaqudgha

Shops:
D:1 [

Annotations:
D:2 exclusion: ogre


Innate Abilities, Weirdness & Mutations

You are too large for most types of armour.
You have tough skin. (AC +1)


Message History

The adder completely misses you.
You climb upwards.
There is a stone staircase leading down here.
Unknown command.
Okay, then.
Okay, then.
It was a potion of ambrosia.
You are confused.
You feel invigorated. The iguana bites you.
* * * LOW HITPOINT WARNING * * *
The adder bites you.
* * * LOW HITPOINT WARNING * * *
Unknown command.
The iguana attacks as you move away! The iguana bites you.
* * * LOW HITPOINT WARNING * * *
You sock the iguana!
The iguana is almost dead.
The adder bites you.
* * * LOW HITPOINT WARNING * * *
The iguana bites you.
* * * LOW HITPOINT WARNING * * *
The adder bites you.
* * * LOW HITPOINT WARNING * * *
The iguana hisses menacingly.
The iguana bites you!
* * * LOW HITPOINT WARNING * * *
Unknown command.
The iguana attacks as you move away! The iguana closely misses you.
The adder closely misses you.
The iguana bites you but does no damage.
The adder bites you.
* * * LOW HITPOINT WARNING * * *
You are poisoned.
The adder poisons you!
Unknown command.
You feel sick. The iguana bites you!
* * * LOW HITPOINT WARNING * * *
Unknown command.
You feel sick. The iguana bites you!
You die...

..# #...................# ..#
#...................#
..####...................#
....##...........##'####.#
....#########....##.#..#.#
....###...# #....##.#..#.#
..........# #....##'#..#.######
..........# #.)S.....<.#......#
..........# #.)l@.....#######.#
.........####...............#.#
.........+....>..##'#######.#.#
.........#.......##......##.#.#
.........#.......#######.##.#.#
.....................# #....#.#
...........###'#.....########.#
.....###...##.................#
...#####...##.#################


You could see an iguana and an adder.

Vanquished Creatures
  Eustachio (D:5)
  An ogre (D:4)
  2 scorpions (D:5)
  A gnoll sergeant (D:5)
  A howler monkey (D:5)
  2 hounds
  A jelly (D:5)
  2 orc priests (D:4)
  3 iguanas
  2 orc wizards
  3 gnolls (D:5)
  7 adders
  An ufetubus (D:5)
  3 worms
  4 dart slugs
  8 orcs
  6 bats
  6 endoplasms
  4 giant cockroaches
  9 goblins
  8 hobgoblins
  2 jackals (D:2)
  3 quokkas
  4 ball pythons
  5 frilled lizards
  9 kobolds
  8 rats
106 creatures vanquished.

Vanquished Creatures (others)
  7 plants (D:1)
7 creatures vanquished.

Grand Total: 113 creatures vanquished

Notes
Turn   | Place    | Note
-------+----------+-------------------------------------------
     0 | D:1      | RatsInWalls the Ogre Gladiator began the quest for the Orb.
     0 | D:1      | Reached XP level 1. HP: 22/22 MP: 1/1
    33 | D:1      | HP: 1/22 [frilled lizard (1)]
   627 | D:1      | Reached XP level 2. HP: 28/31 MP: 2/2
  1402 | D:1      | Reached XP level 3. HP: 37/37 MP: 3/3
  1454 | D:1      | Found Kirruotuvy's Armour Emporium.
  1802 | D:2      | Identified the +1 robe "Poexe" {-Tele rN++}
  2088 | D:2      | Reached XP level 4. HP: 47/48 MP: 4/4
  2386 | D:2      | Found a faded altar of an unknown god.
  2389 | D:2      | Noticed an ogre
  2878 | D:2      | Identified the +0 robe "Ifrou" {rPois Int+3}
  3260 | D:3      | Reached XP level 5. HP: 13/55 MP: 5/5
  3664 | D:3      | Found an ancient bone altar of Kikubaaqudgha.
  4040 | D:4      | Reached skill level 5 in Maces & Flails
  4449 | D:4      | Noticed an ogre
  4453 | D:4      | Killed an ogre
  4454 | D:4      | Reached skill level 5 in Fighting
  4454 | D:4      | Reached XP level 6. HP: 66/66 MP: 6/6
  4655 | D:4      | Found a staircase to the Ecumenical Temple.
  4989 | D:5      | Entered Level 5 of the Dungeon
  5298 | D:5      | Reached XP level 7. HP: 61/74 MP: 7/7
  6063 | D:5      | Noticed Eustachio
  6085 | D:5      | Killed Eustachio
  6166 | D:5      | Reached XP level 8. HP: 32/87 MP: 8/8
  6553 | D:4      | Slain by an iguana

Illustrated notes

Levels and vault maps discovered:
D:1:      moated_graveyard_arrival, layout_loops_ring, serial_shops, shop,
          lexackson_kobold_supper
D:2:      minmay_diamond_boxcup, layout_loops_corners,
          shapermc_ecumenical_altar_gd, skrybe_limestone_x
D:3:      layout_basic, mainiacjoe_overflow_alcove_1, minivault_24
D:4:      layout_basic, minmay_temple_entry_from_below_a
D:5:      minmay_razor_zed, layout_basic, elyvilon_altar_4, serial_shops,
          nicolae_shop_statue_plus, uniq_eustachio

Skill      XL: |  1  2  3  4  5  6  7 |
---------------+----------------------+-----
Fighting       | 3 4 5 7 |  7.1
Maces & Flails | 3 4 5 6 7 |  7.3
Throwing       | |  2.0
Dodging        | |  2.6

Action                   |  1- 3 |  4- 6 |  7- 9 || total
-------------------------+-------+-------+-------++-------
Melee: Flail             |   133 |   193 |    60 ||   386
       Punch             |     2 |     2 |       ||     4
Throw: Large rock        |       |     1 |     1 ||     2
Evoke: Wand              |       |     4 |     2 ||     6
  Use: Potion            |       |       |     1 ||     1
 Stab: Sleeping          |     3 |       |     1 ||     4
Armor: Robe              |    48 |    63 |    20 ||   131
Dodge: Dodged            |    85 |   102 |    37 ||   224
